 Dungeon Crawl Stone Soup version 0.29-a0-330-g52719c12eb (webtiles) character file.

Game seed: 6435859147728823789

75 kae the Firebug (level 4, -6/28 HPs)
             Began as an Octopode Fire Elementalist on Apr 18, 2022.
             Mangled by a gnoll
             ... wielding a +0 club
              (8 damage)
             ... on level 1 of the Dungeon.
             The game lasted 00:01:01 (2927 turns).

kae the Firebug (Octopode Fire Elementalist)        Turns: 2927, Time: 00:01:02

Health: -6/28      AC:  1    Str:  7    XL:     4   Next: 31%
Magic:  3/7        EV: 13    Int: 19    God:
Gold:   111        SH:  0    Dex: 12    Spells: 1/7 levels left

rFire   . . .      SeeInvis .   g - +0 mace
rCold   . . .      Faith    .   (no shield)
rNeg    . . .      Spirit   .   (helmet restricted)
rPois   .          Reflect  .   (no amulet)
rElec   .          Harm     .   (no ring)
rCorr   .          Rampage  .   (no ring)
Will    .....                   (no ring)
Stlth   +++.......              (no ring)
HPRegen 0.09/turn               (no ring)
MPRegen 0.10/turn               (no ring)
                                (no ring)
                                (no ring)

@: no status effects
A: almost no armour, amphibious, 8 rings, camouflage 1, gelatinous body 1,
(nimble swimmer 1), tentacles
a: no special abilities


You were on level 1 of the Dungeon.
You visited 1 branch of the dungeon, and saw 2 of its levels.

You collected 111 gold pieces.

Inventory:

Hand Weapons
 c - a +0 whip
 g - a +0 mace (weapon)
Scrolls
 d - a scroll of teleportation
 h - a scroll of immolation {unknown}
 i - a scroll of torment {unknown}
 k - a scroll of identify {unknown}
Potions
 a - a potion of magic
 b - a potion of curing {unknown}
 e - a potion of cancellation {unknown}
 f - a potion of lignification {unknown}
 j - a potion of ambrosia {unknown}
 l - a potion of resistance {unknown}


   Skills:
 + Level 1.0 Fighting
 + Level 2.3 Dodging
 + Level 3.5 Stealth
 + Level 2.3 Spellcasting
 + Level 1.6 Conjurations
 * Level 3.7 Fire Magic


You had one spell level left.
You knew the following spells:

 Your Spells              Type           Power      Damage    Failure   Level
a - Foxfire               Conj/Fire      48%        2x1d6     5%          1
b - Scorch                Fire           32%        2d6       5%          2
c - Conjure Flame         Conj/Fire      12%        6-21      16%         3

Your spell library contained the following spells:

 Spells                   Type           Power      Damage    Failure   Level
 Inner Flame              Hex/Fire       9%         N/A       22%         3
 Ignite Poison            Fire/Tmut/Pois 7%         N/A       28%         3
 Mephitic Cloud           Conj/Pois/Air  4%         N/A       36%         3
 Flame Wave               Conj/Fire      12%        2d6       47%         4
 Freezing Cloud           Conj/Ice/Air   2%         6-21      98%         5


Dungeon Overview and Level Annotations

Branches:
Dungeon (2/15)

Altars:

Shops:
D:1 =


Innate Abilities, Weirdness & Mutations

You cannot wear most types of armour.
You are amphibious.
You can wear up to eight rings at the same time.
Your skin changes colour to match your surroundings (Stealth+).
Your rubbery body absorbs attacks. (AC +1, EV +1)
((You are camouflaged when in or above water. (Stealth+)))
You have tentacles for arms and can constrict up to eight enemies at once.


Message History

You kill the gnoll!
Your Fighting skill increases to level 1!
Casting: Foxfire (safe; 5% risk of failure)
Confirm with . or Enter, or press ? or * to list all spells.
You miscast Foxfire.
You are very lightly contaminated with residual magic.
Nothing appears to happen.
Casting: Foxfire (safe; 5% risk of failure)
Confirm with . or Enter, or press ? or * to list all spells.
You conjure some foxfire!
The foxfire hits the gnoll but does no damage.
The foxfire hits the gnoll.
The gnoll is moderately wounded.
The gnoll closely misses you.
Casting: Foxfire (safe; 5% risk of failure)
Confirm with . or Enter, or press ? or * to list all spells.
You conjure some foxfire!
The gnoll hits you from afar with a +0 spear.
The foxfire hits the gnoll.
The gnoll is heavily wounded.
The foxfire hits the gnoll.
The gnoll is severely wounded.
The gnoll hits you from afar with a +0 spear.
The gnoll completely misses you. The gnoll hits you with a +0 club.
There is a stone staircase leading up here.
The gnoll hits you from afar with a +0 spear.
The gnoll hits you with a +0 club.
Your magical contamination has completely faded away.
You climb upwards.
There is a stone staircase leading down here.
Casting: Foxfire (safe; 5% risk of failure)
Confirm with . or Enter, or press ? or * to list all spells.
You conjure some foxfire!
The gnoll hits you with a +0 club!
* * * LOW HITPOINT WARNING * * *
The foxfire hits the gnoll.
The gnoll is lightly wounded.
The foxfire hits the gnoll.
The gnoll is moderately wounded.
The gnoll hits you with a +0 club!
You die...

#..#
##.#
#.#
#.####
#§§§.#
#.§§§#
#...§#
#g...#
#.@<.#
######


You could see a gnoll.

Vanquished Creatures
  A gnoll (D:2)
  2 dart slugs (D:1)
  3 bats
  5 endoplasms
  2 giant cockroaches
  5 goblins
  4 hobgoblins
  8 jackals
  5 kobolds
  5 quokkas (D:1)
  7 ball pythons
  A frilled lizard (D:1)
  4 rats
52 creatures vanquished.

Vanquished Creatures (others)
  160 foxfires
160 creatures vanquished.

Grand Total: 212 creatures vanquished

Notes
Turn   | Place    | Note
-------+----------+-------------------------------------------
     0 | D:1      | kae the Octopode Fire Elementalist began the quest for the
                  | Orb.
     0 | D:1      | Reached XP level 1. HP: 11/11 MP: 3/3
   318 | D:1      | Reached XP level 2. HP: 16/17 MP: 0/5
   871 | D:1      | Reached XP level 3. HP: 20/22 MP: 2/6
   874 | D:1      | Learned a level 2 spell: Scorch
   878 | D:1      | Learned a level 3 spell: Conjure Flame
   937 | D:1      | Found a faded altar of an unknown god.
  1052 | D:1      | Found Wuicees's Jewellery Boutique.
  1842 | D:2      | Reached XP level 4. HP: 19/27 MP: 3/7
  2918 | D:2      | Reached skill level 1 in Fighting
  2927 | D:1      | Mangled by a gnoll

Illustrated notes

Levels and vault maps discovered:
D:1:      dpeg_arrival_fog, layout_basic, serial_shops,
          nicolae_shop_hallway_plus, dreamdust_ecumenical_altar_statues
D:2:      layout_basic, kennysheep_generic_room_2

Skill      XL: |  1  2  3  4 |
---------------+-------------+-----
Stealth        | 3 |  3.5
Fighting       | 1 |  1.0
Dodging        | |  2.3
Spellcasting   | |  2.3
Conjurations   | |  1.6
Fire Magic     | |  3.7

Action                   |  1- 3 |  4- 6 || total
-------------------------+-------+-------++-------
Melee: Unarmed           |    22 |       ||    22
       Constrict         |    13 |     3 ||    16
       Tentacles         |    11 |     1 ||    12
       Whip              |    14 |       ||    14
       Mace              |     7 |     8 ||    15
 Cast: Foxfire           |    65 |    23 ||    88
  Use: Scroll            |     1 |       ||     1
 Stab: Sleeping          |       |     1 ||     1
Armor: Skin              |     4 |     1 ||     5
Dodge: Dodged            |    38 |     8 ||    46

Table legend: (Time is in decaauts)
 A = Elapsed time spent in this place.
 B = Non-inter-level travel time spent in this place.
 C = Inter-level travel time spent in this place.
 D = Time resting spent in this place.
 E = Time spent auto-exploring this place.
 F = Levels seen in this place.
 G = Mean time per level.
                   A        B        C        D        E       F      G
               +--------+--------+--------+--------+--------+-----+--------+
         Total |   2933 |   2930 |      3 |    226 |   2218 |   2 | 1466.5 |
       Dungeon |   2933 |   2930 |      3 |    226 |   2218 |   2 | 1466.5 |
               +--------+--------+--------+--------+--------+-----+--------+

Top non-repeatable levels by time:
     D:1: 1546 daAuts
     D:2: 1386 daAuts
